 Dungeon Crawl Stone Soup version 0.25.0-15-gac7dcb8919 (webtiles) character file.

Game seed: 777341201535873763

411 protoss039 the Digger (level 6, 0/32 HPs)
             Began as a Deep Elf Earth Elementalist on June 29, 2020.
             Slain by an orc warrior
             ... wielding a +0 mace
              (17 damage)
             ... on level 4 of the Dungeon.
             The game lasted 00:10:23 (4108 turns).

protoss039 the Digger (Deep Elf Earth Elementalist) Turns: 4108, Time: 00:10:24

Health: 0/32       AC:  5    Str:  9    XL:     6   Next: 58%
Magic:  17/17      EV: 12    Int: 22    God:
Gold:   161        SH:  0    Dex: 15    Spells: 11/17 levels left

rFire    . . .     SeeInvis .   s - +4 rapier of Raaleki {vorpal, Str+4}
rCold    . . .     Gourm    .   (no shield)
rNeg     . . .     Faith    .   m - +0 leather armour (curse)
rPois    .         Spirit   .   i - +0 helmet
rElec    .         Reflect  .   (no cloak)
rCorr    .         Harm     .   (no gloves)
MR       .....                  w - +0 pair of boots
Stlth    ++........             (no amulet)
HPRegen  0.10/turn              (no ring)
MPRegen  0.15/turn              (no ring)

@: no status effects
A: no striking features
a: no special abilities


You were on level 4 of the Dungeon.
You were not hungry.

You visited 1 branch of the dungeon, and saw 4 of its levels.

You collected 161 gold pieces.

Inventory:

Hand Weapons
 p - a +0 short sword
 s - the +4 rapier of Raaleki (weapon) {vorpal, Str+4}
   (You found it on level 4 of the Dungeon)

   It inflicts extra damage upon your enemies.
   It affects your strength (+4).
 t - a +2 vorpal spear
 v - a +2 dagger of venom
Missiles
 b - 51 stones (quivered)
Armour
 i - a +0 helmet (worn)
 m - a cursed +0 leather armour (worn)
 w - a +0 pair of boots (worn)
Jewellery
 c - an uncursed ring of magical power {unknown}
 k - an uncursed ring of flight {unknown}
Scrolls
 e - 2 scrolls of teleportation {unknown}
 f - 3 scrolls of remove curse {unknown}
 n - 3 scrolls of blinking {unknown}
 o - 4 scrolls of identify {unknown}
 q - 2 scrolls of fog {unknown}
 u - a scroll of amnesia {unknown}
Potions
 a - 2 potions of brilliance {unknown}
 g - a potion of curing {unknown}
 h - a potion of might {unknown}
 j - 2 potions of lignification {unknown}
 r - a potion of resistance {unknown}
Comestibles
 d - 10 rations
 l - a chunk of flesh


   Skills:
 - Level 2.4 Dodging
 - Level 2.4 Stealth
 + Level 6.1 Spellcasting
 + Level 0.1 Conjurations
 + Level 1.1 Transmutations
 * Level 6.9 Earth Magic


You had 11 spell levels left.
You knew the following spells:

 Your Spells              Type           Power        Failure   Level  Hunger
a - Sandblast             Erth           #####.       1%          1    None
b - Passwall              Tmut/Erth      ###.....     3%          2    None
c - Stone Arrow           Conj/Erth      ###...       9%          3    #......

Your spell library contained the following spells:

 Spells                   Type           Power        Failure   Level  Hunger
 Lee's Rapid Deconstruct  Erth           #####.....   21%         5    #####..
 Petrify                  Tmut/Erth      ###.....     24%         4    ###....


Dungeon Overview and Level Annotations

Branches:
Dungeon (4/15)
 Temple: D:4-7

Altars:
Dithmenos
Elyvilon
Makhleb
Sif Muna


Message History

The blast of sand hits the orc warrior but does no damage.
b - 51 stones The orc warrior hits you with a +0 mace!!
Ouch! That really hurt!
Unknown command.
Press: ? - help, v - describe, . - travel
Here: an orc warrior, wielding a +0 mace and wearing a +0 chain mail The floor.
Casting: Sandblast (safe; 1% risk of failure)
Confirm with . or Enter, or press ? or * to list all spells.
Aiming: Sandblast (safe; 1% risk of failure)
Press: ? - help, Shift-Dir - straight line, f/p - orc warrior
Aim: an orc warrior, wielding a +0 mace and wearing a +0 chain mail
Okay, then.
Some of the chunks of flesh in your inventory have rotted away.
There is a stone staircase leading up here.
Unknown command.
The orc warrior hits you with a +0 mace!
Ouch! That really hurt!
You die...

#..# #..# #..# ##..#
#<.# #..# ##...##
##)## #..# ......#
#.)# #..#
......#####.)## #..#
........##....####..#
..........o....##...#
.##.................#
####....####.l.o@..##
# ###### ###...###
#####


You could see an orc warrior, an orc and a frilled lizard.

Vanquished Creatures
  A scorpion (D:4)
  An orc priest (D:3)
  2 iguanas
  Terence (D:2)
  2 orc wizards (D:4)
  A worker ant (D:4)
  Robin (D:2)
  4 gnolls (D:4)
  2 adders (D:2)
  An ooze (D:3)
  An adder skeleton (D:4)
  3 worms
  2 dart slugs
  2 leopard geckos (D:3)
  9 orcs
  A ball python (D:1)
  8 hobgoblins
  2 jackals
  2 quokkas (D:3)
  8 bats
  5 frilled lizards
  12 goblins
  7 kobolds
  A leopard gecko skeleton (D:4)
  10 rats
89 creatures vanquished.

Vanquished Creatures (others)
  A quokka (D:3)
  4 toadstools (D:1)
5 creatures vanquished.

Grand Total: 94 creatures vanquished

Notes
Turn   | Place    | Note
-------+----------+-------------------------------------------
     0 | D:1      | protoss039 the Deep Elf Earth Elementalist began the quest
                  | for the Orb.
     0 | D:1      | Reached XP level 1. HP: 10/10 MP: 6/6
   688 | D:1      | Reached XP level 2. HP: 15/15 MP: 8/8
   760 | D:2      | Learned a level 2 spell: Passwall
   989 | D:2      | Reached XP level 3. HP: 19/19 MP: 10/10
  1087 | D:2      | Noticed Terence
  1333 | D:2      | Killed Terence
  1416 | D:2      | Noticed Robin
  1418 | D:2      | Reached XP level 4. HP: 14/24 MP: 9/12
  1427 | D:2      | Killed Robin
  1778 | D:2      | Found a burning altar of Makhleb.
  1779 | D:2      | Found a shadowy altar of Dithmenos.
  1780 | D:2      | Found a shimmering blue altar of Sif Muna.
  2001 | D:2      | Reached skill level 5 in Spellcasting
  2001 | D:2      | Reached skill level 5 in Earth Magic
  2009 | D:2      | Learned a level 3 spell: Stone Arrow
  2430 | D:3      | Reached XP level 5. HP: 28/28 MP: 11/14
  2633 | D:3      | Found a white marble altar of Elyvilon.
  3250 | D:4      | Got a bloodstained rapier
  3251 | D:4      | Identified the +4 rapier of Raaleki {vorpal, Str+4} (You
                  | found it on level 4 of the Dungeon)
  3442 | D:4      | Noticed an orc warrior
  3690 | D:4      | Reached XP level 6. HP: 32/32 MP: 7/16
  4108 | D:4      | Slain by an orc warrior

Illustrated notes

Levels and vault maps discovered:
D:1:      ldierk_water_garden, layout_loops_ring
D:2:      layout_basic, chequers_temple_overflow_statue_of_worship, uniq_robin,
          uniq_terence
D:3:      layout_basic, elyvilon_altar_4
D:4:      layout_layer_cave, first_ration, kennysheep_generic_room_6

Skill      XL: |  1  2  3  4  5  6 |
---------------+-------------------+-----
Earth Magic    | 4 5 6 |  6.9
Spellcasting   | 4 5 6 |  6.1
Dodging        | |  2.4
Stealth        | |  2.4
Conjurations   | |  0.1
Transmutations | |  1.1

Action                   |  1- 3 |  4- 6 || total
-------------------------+-------+-------++-------
Melee: Dagger            |    47 |     1 ||    48
       Rapier            |       |     6 ||     6
       Short sword       |       |     3 ||     3
 Cast: Sandblast         |    36 |    97 ||   133
       Stone Arrow       |       |     6 ||     6
 Stab: Sleeping          |     3 |       ||     3
  Eat: Chunk             |     1 |     9 ||    10
Armor: Robe              |     9 |       ||     9
       Leather armour    |    13 |    13 ||    26
Dodge: Dodged            |    63 |    34 ||    97
